 Dungeon Crawl Stone Soup version 0.29.1-12-g30fa7ad0bf (webtiles) character file.

Game seed: 12406432254903663951

43 RapScallion the Chopper (level 3, -1/33 HPs)
             Began as a Hill Orc Monk on Jan 12, 2023.
             Was a Priest of Fedhas.
             Slain by a goblin
             ... wielding a +0 dagger
             ... led by Robin
              (3 damage)
             ... on level 2 of the Dungeon.
             The game lasted 00:12:45 (2274 turns).

RapScallion the Chopper (Hill Orc Monk)             Turns: 2274, Time: 00:12:47

Health: -1/33      AC:  2    Str: 15    XL:     3   Next: 58%
Magic:  3/3        EV: 12    Int: 10    God:    Fedhas [***...]
Gold:   53         SH:  0    Dex: 13    Spells: 2/2 levels left

rFire   . . .      SeeInvis .   n - +0 trident
rCold   . . .      Faith    .   (no shield)
rNeg    . . .      Spirit   .   b - +0 robe
rPois   .          Reflect  .   (no helmet)
rElec   .          Harm     .   (no cloak)
rCorr   .          Rampage  .   (no gloves)
Will    .....                   (no boots)
Stlth   ++........              (no amulet)
HPRegen 0.11/turn               p - ring of flight
MPRegen 0.08/turn               (no ring)

@: flying
A: no striking features
a: Renounce Religion, Wall of Briars, Grow Ballistomycete


You were on level 2 of the Dungeon.
You worshipped Fedhas.
Fedhas was most pleased with you.
You visited 1 branch of the dungeon, and saw 2 of its levels.

You collected 53 gold pieces.

Inventory:

Hand Weapons
 a - a +0 hand axe
 n - a +0 trident (weapon)
 q - a +0 long sword
Missiles
 k - 14 stones (quivered)
 o - 3 poisoned darts
Armour
 b - a +0 robe (worn)
Jewellery
 p - a ring of flight (left hand)
 s - a ring of ice
Wands
 l - a wand of paralysis (9)
Scrolls
 d - 2 scrolls of identify
 g - 3 scrolls of teleportation
 h - a scroll of blinking {unknown}
 i - a scroll of enchant armour {unknown}
 j - a scroll of magic mapping {unknown}
Potions
 c - a potion of ambrosia
 e - 2 potions of magic {unknown}
 f - a potion of attraction
 m - a potion of flight {unknown}
 r - a potion of heal wounds {unknown}


   Skills:
 + Level 4.0 Fighting
 + Level 4.8 Axes
 + Level 0.5(2.4) Polearms
 + Level 2.8 Dodging
 + Level 1.8 Stealth


You had 2 spell levels left.
You didn't know any spells.
Your spell library contained the following spells:

 Spells                   Type           Power      Damage    Failure   Level
 Animate Dead             Necr           0%         N/A       98%         4
 Borgnjor's Vile Clutch   Necr/Erth      0%         N/A       100%        5
 Death Channel            Necr           0%         N/A       100%        6
 Chain Lightning          Conj/Air       0%         N/A       100%        9
 Fire Storm               Conj/Fire      0%         5d1       100%        9
 Shatter                  Erth           0%         3d5*      100%        9


Dungeon Overview and Level Annotations

Branches:
Dungeon (2/15)

Altars:
Fedhas

Annotations:
D:2 Robin


Message History

You hit the hobgoblin.
The hobgoblin is moderately wounded.
Robin roars a battlecry!
The goblins go into a battle-frenzy!
The hobgoblin barely misses you.
You hit the hobgoblin.
The hobgoblin is severely wounded.
The hobgoblin closely misses you.
Robin roars a battlecry!
The goblin goes into a battle-frenzy!
The hobgoblin hits you with a +0 dagger!
Robin throws the goblin at you!
You hit the hobgoblin.
You kill the hobgoblin!
Fedhas appreciates your contribution to the ecosystem.
A goblin comes into view. It is wielding a +0 dagger.
The goblin hits you but does no damage.
You barely miss the goblin.
Robin roars a battlecry!
The goblin goes into a battle-frenzy!
A hobgoblin comes into view.
The goblin barely misses you.
You closely miss the goblin. You punch the goblin, but do no damage.
The goblin hits you with a +0 dagger.
You closely miss the goblin. Robin throws the goblin at you!
The goblin barely misses you.
You puncture Robin!
Robin is heavily wounded.
The goblin misses you. Robin hits you with a +0 mace.
The goblin barely misses you. The goblin hits you with a +0 dagger.
The goblin hits you with a +0 club.
* * * LOW HITPOINT WARNING * * *
Robin barely misses you.
You hit Robin.
Robin is almost dead.
The goblin hits you with a +0 club.
* * * LOW HITPOINT WARNING * * *
The goblin hits you with a +0 dagger.
You die...
Fedhas appreciates your contribution to the ecosystem.

....#.#....###..8.8.8....#<.....#
....#.#.##...............##.##..#
....#.#.##.....#..8#.#..###.#....
....#..........##..#......#.#...#
..♣..##........###........†.....#
~~♣........#######.#....#####..##
~♣~~~.♣............#.#..# ...#
~~~♣♣...########gg...#.>. ##
~†♣.P...# #@######### ♣~...♣.##
#g#### ~P...### #gg..## ...♣##
###g..# .### #...# ## #..g# #...#
#.... #...#g


You could see Robin, a hobgoblin and 5 goblins.

Vanquished Creatures
  A dart slug (D:1)
  2 ball pythons (D:1)
  5 endoplasms
  3 giant cockroaches
  5 goblins
  7 hobgoblins
  3 jackals (D:2)
  A quokka (D:2)
  3 bats
  A frilled lizard (D:1)
  A rat (D:1)
32 creatures vanquished.

Vanquished Creatures (others)
  4 plants (D:2)
4 creatures vanquished.

Grand Total: 36 creatures vanquished

Notes
Turn   | Place    | Note
-------+----------+-------------------------------------------
     0 | D:1      | RapScallion the Hill Orc Monk began the quest for the Orb.
     0 | D:1      | Reached XP level 1. HP: 19/19 MP: 1/1
   620 | D:1      | Reached XP level 2. HP: 16/27 MP: 2/2
  1717 | D:2      | Reached XP level 3. HP: 33/33 MP: 3/3
  1730 | D:2      | Found a faded altar of an unknown god.
  1744 | D:2      | Prayed at the altar of an unknown god.
  1744 | D:2      | Became a worshipper of Fedhas Madash
  1744 | D:2      | Reached * piety under Fedhas
  1744 | D:2      | Reached ** piety under Fedhas
  2027 | D:2      | Reached *** piety under Fedhas
  2259 | D:2      | Noticed Robin
  2274 | D:2      | Slain by a goblin

Illustrated notes

Levels and vault maps discovered:
D:1:      arrival_zaba_pyramid, layout_basic
D:2:      layout_basic, ebering_ecumenical_altar_ruins, serial_bayou_pond_a,
          minmay_quantized, uniq_robin

Skill      XL: |  1  2  3 |
---------------+----------+-----
Fighting       | 4 |  4.0
Axes           | |  4.8
Polearms       | |  0.5
Dodging        | |  2.8
Stealth        | |  1.8

Action                   || total
-------------------------++-------
Melee: Hand axe          ||    75
       Punch             ||     3
       Trident           ||    38
  Use: Scroll            ||     2
 Stab: Sleeping          ||     3
Armor: Robe              ||    12
Dodge: Dodged            ||    75
